 Dungeon Crawl Stone Soup version 0.31-a0-187-gba352fbbf7 (webtiles) character file.

Game seed: 3146280053019585743

170 qw the Skirmisher (level 5, 0/29 HPs)
             Began as a Deep Elf Hunter on June 22, 2023.
             Succumbed to an orc's poison
             ... on level 3 of the Dungeon.
             The game lasted 00:00:57 (2491 turns).

qw the Skirmisher (Deep Elf Hunter)                 Turns: 2491, Time: 00:00:57

Health: 0/29       AC:  5    Str: 10    XL:     5   Next: 26%
Magic:  7/7        EV: 12    Int: 14    God:
Gold:   63         SH:  0    Dex: 18    Spells: 4/4 levels left

rFire   . . .        Y - +1 shortbow (flame)
rCold   . . .        (shield currently unavailable)
rNeg    . . .        c - +0 leather armour
rPois   .            o - +0 helmet
rElec   .            (no cloak)
rCorr   .            (no gloves)
SInv    .            g - +0 pair of boots
Will    .....        (no amulet)
Stlth   ++           (no ring)
HPRegen 0.24/turn    (no ring)
MPRegen 0.10/turn

%: no passive effects
@: lethally poisoned (0 -> -7)
A: no striking features
a: no special abilities


You were on level 3 of the Dungeon.
You visited 1 branch of the dungeon, and saw 3 of its levels.

You collected 83 gold pieces.
You spent 20 gold pieces at shops.


   Skills:
 - Level 1.5 Fighting
 + Level 8.7 Ranged Weapons
 - Level 2.4 Dodging
 - Level 1.2 Stealth


You had 4 spell levels left.
You didn't know any spells.
Your spell library was empty.

Inventory:

Hand Weapons
 Y - a +1 shortbow of flaming (weapon)
Armour
 c - a +0 leather armour (worn)
 g - a +0 pair of boots (worn)
 o - a +0 helmet (worn)
Scrolls
 a - a scroll of enchant armour {unknown}
 h - a scroll of identify
Potions
 b - a potion of curing {unknown}
 d - a potion of berserk rage {unknown}
 e - a potion of invisibility {unknown}
 f - a potion of enlightenment
 k - a potion of degeneration {unknown}

Dungeon Overview and Level Annotations

Branches:
Dungeon (3/15)

Altars:

Shops:
D:2 ?


Message History

Enter note:
Enter note:
Enter note:
Enter note:
Enter note: You shoot an arrow.
The arrow closely misses the orc.
You shoot an arrow. The arrow hits the orc.
The arrow burns the orc.
The orc is heavily wounded.
The orc misses you.
You shoot an arrow. The arrow hits the orc.
The arrow burns the orc.
You kill the orc!
You shoot an arrow.
The arrow hits the orc but does no damage.
The orc barely misses you.
You shoot an arrow. The arrow barely misses the orc.
The orc hits you with a +1 whip of venom.
You are poisoned.
You shoot an arrow.
The arrow hits the orc but does no damage.
You feel sick.
The orc hits you with a +1 whip of venom.
You are more poisoned.
You shoot an arrow. The arrow barely misses the orc.
You feel very sick.
The orc hits you with a +1 whip of venom.
You are lethally poisoned!
You shoot an arrow. The arrow barely misses the orc.
You feel very sick. The orc closely misses you.
You shoot an arrow. The arrow hits the orc!
The arrow burns the orc.
You kill the orc!
You feel very sick.
There is a lethal amount of poison in your body!
You feel very sick.
There is a lethal amount of poison in your body!
You feel very sick.
There is a lethal amount of poison in your body!
You feel sick.
There is a lethal amount of poison in your body!
You die...

#
####...##
# ##..# #
##.# #
#.# #.#
#.# #.#
#.# #@#
......).#
#########


There were no monsters in sight!

Vanquished Creatures
  A gnoll bouda (D:2)
  4 gnolls
  3 adders (D:2)
  A worm (D:2)
  2 dart slugs
  3 orcs (D:3)
  5 bats
  6 endoplasms
  2 giant cockroaches
  3 goblins
  10 hobgoblins
  4 jackals (D:2)
  6 kobolds
  A quokka (D:1)
  8 ball pythons
  7 frilled lizards
  4 rats
70 creatures vanquished.

Notes
Turn   | Place    | Note
-------+----------+-------------------------------------------
     0 | D:1      | qw the Deep Elf Hunter began the quest for the Orb.
     0 | D:1      | Reached XP level 1. HP: 12/12 MP: 3/3
     0 | D:1      | 0 ||| qw: Version: 0.3-a-9-g12657ce
     0 | D:1      | 0 ||| qw: Game counter: 2505
     0 | D:1      | 0 ||| qw: Always use a shield: true
     0 | D:1      | 0 ||| qw: God list: Okawaru
     0 | D:1      | 0 ||| qw: Allow faded altars: false
     0 | D:1      | 0 ||| qw: Do Orc after D:15 true
     0 | D:1      | 0 ||| qw: Do second Lair branch before Depths: true
     0 | D:1      | 0 ||| qw: Lair rune preference: random
     0 | D:1      | 0 ||| qw: Plans: Normal
     0 | D:1      | 0 ||| PLANNING D:1-11
   184 | D:1      | Reached XP level 2. HP: 16/16 MP: 4/4
   185 | D:1      | Reached skill level 6 in Ranged Weapons
   784 | D:1      | 784 ||| UPGRADING to +0 pair of boots.
   789 | D:1      | 789 ||| READING scroll labelled ILYEPR JUVONAI.
   790 | D:1      | 790 ||| READING 2 scrolls labelled OMOMEGG PIRPH.
   791 | D:1      | 791 ||| READING scroll labelled DYIWYIPHOS.
   792 | D:1      | 792 ||| READING scroll labelled ROGGILI YBED.
   793 | D:1      | 793 ||| DROPPING scroll of butterflies.
   826 | D:2      | Reached XP level 3. HP: 20/20 MP: 5/5
   903 | D:2      | Reached skill level 7 in Ranged Weapons
  1010 | D:2      | Found Dyzydink's Magic Scroll Shoppe.
  1020 | D:2      | 1020 ||| BUYING scroll of identify (20 gold).
  1020 | D:2      | Bought a scroll of identify for 20 gold pieces
  1020 | D:2      | 1020 ||| SHOPLISTING scroll of identify (20 gold, have 4).
  1020 | D:2      | 1020 ||| SHOPLISTING scroll of teleportation (30 gold, have
                  | 4).
  1134 | D:2      | Reached XP level 4. HP: 25/25 MP: 6/6
  1444 | D:2      | 1444 ||| UPGRADING to +0 helmet.
  1449 | D:2      | 1449 ||| DROPPING ring of wizardry.
  1450 | D:2      | 1450 ||| READING scroll labelled ASOHIO MAYCUDGH.
  1551 | D:2      | 1551 ||| READING scroll labelled VAPOATHRARO.
  1555 | D:2      | 1555 ||| READING 2 scrolls labelled QOTULO ISTROER.
  1600 | D:2      | 1600 ||| READING scroll labelled PAH QAONAGAIK.
  1601 | D:2      | 1601 ||| READING scroll labelled ALUVIU NUDANG.
  1602 | D:2      | 1602 ||| DRINKING 2 glowing orange potions.
  1606 | D:2      | 1606 ||| READING 4 scrolls of identify.
  1606 | D:2      | 1606 ||| IDENTIFYING bubbling ruby potion
  1607 | D:2      | 1607 ||| READING 3 scrolls of identify.
  1607 | D:2      | 1607 ||| IDENTIFYING fizzy amethyst potion
  1608 | D:2      | 1608 ||| READING 2 scrolls of identify.
  1608 | D:2      | 1608 ||| IDENTIFYING glowing brown potion
  1609 | D:2      | 1609 ||| DROPPING scroll of torment.
  1610 | D:2      | 1610 ||| DROPPING potion of lignification.
  1611 | D:2      | 1611 ||| DROPPING potion of ambrosia.
  1643 | D:3      | 1643 ||| STAIRDANCE
  1751 | D:3      | 1751 ||| STAIRDANCE
  1781 | D:3      | 1781 ||| STAIRDANCE
  1781 | D:3      | HP: 5/25 [gnoll bouda/+0 whip (7)]
  1783 | D:2      | 1783 ||| DRINKING potion of heal wounds.
  1789 | D:2      | Reached skill level 8 in Ranged Weapons
  1814 | D:3      | 1814 ||| STAIRDANCE
  1851 | D:3      | 1851 ||| STAIRDANCE
  1873 | D:3      | 1873 ||| STAIRDANCE
  1947 | D:3      | Reached XP level 5. HP: 29/29 MP: 7/7
  2192 | D:3      | 2192 ||| FLEEEEING.
  2193 | D:3      | 2193 ||| FLEEEEING.
  2194 | D:3      | 2194 ||| FLEEEEING.
  2488 | D:3      | HP: 7/29 [poisoned by an orc]
  2490 | D:3      | HP: 2/29 [poisoned by an orc]
  2491 | D:3      | Succumbed to an orc's poison

Levels and vault maps discovered:
D:1:      lemuel_arrival_lava_pool, layout_loops_corners
D:2:      kennysheep_big_flooded_room, layout_basic, serial_shops, shop,
          hangedman_decor_push, corexii_leaking_fountain
D:3:      layout_loops_corners, corexii_item_surrounded_by_moat,
          corexii_corridor_pit, nicolae_grassy_gnolls, uniq_grinder

Skill      XL: |  1  2  3  4 |
---------------+-------------+-----
Ranged Weapons | 6 7 8 |  8.7
Fighting       | |  1.5
Dodging        | |  2.4
Stealth        | |  1.2

Action                     |  1- 3 |  4- 6 || total
---------------------------+-------+-------++-------
   Fire: Shortbow          |   100 |    79 ||   179
    Use: Scroll            |     4 |     8 ||    12
         Potion            |       |     2 ||     2
 Armour: Leather armour    |     5 |     8 ||    13
  Dodge: Dodged            |     5 |    27 ||    32

Table legend:
 A = Non-vault XP
 B = Vault XP
 C = Vault XP percentage of total XP
 D = Non-vault monster count
 E = Vault monster count
 F = Vault count percentage of total count
                 A         B        C        D         E       F
            +---------+---------+-------+---------+---------+-------
      Total |     132 |     112 |  45.9 |      63 |       7 |  10.0
            +---------+---------+-------+---------+---------+-------
        D:1 |      40 |       0 |   0.0 |      25 |       0 |   0.0
        D:2 |      62 |      70 |  53.0 |      22 |       4 |  15.4
        D:3 |      30 |      42 |  58.3 |      16 |       3 |  15.8
            +---------+---------+-------+---------+---------+-------
